 Dungeon Sprint DCSS version 0.29-a0-512-gf59ac788ac (webtiles) character file.

Game seed: 13117373703163005160

463481 mhtbhm the Heavyweight Champion (level 20, -7/193 HPs)
             Began as a Troll Transmuter on May 29, 2022.
             Was an Initiate of Gozag.
             Killed from afar by Cerebov (84 damage)
             ... with a great blast of fire
             ... in the Dungeon (Sprint IX: "|||||||||||||||||||||||||||||").
             The game lasted 00:40:27 (12230 turns).

mhtbhm the Heavyweight Champion (Troll Transmuter) Turns: 12230, Time: 00:40:28

Health: -7/193     AC: 41    Str: 27    XL:     20   Next: 21%
Magic:  50/50      EV: 16    Int: 19    God:    Gozag
Gold:   5709       SH:  5    Dex: 19    Spells: 48/73 levels left

rFire   . . .      SeeInvis .     - Unarmed
rCold   + + +      Faith    .   (shield currently unavailable)
rNeg    + + .      Spirit   .   b - +10 gold dragon scales
rPois   +          Reflect  +   E - +1 hat "Senap" {rC+ Dex+5}
rElec   +          Harm     .   a - +1 cloak "Pybocs" {rPois Int+6}
rCorr   .          Rampage  .   (gloves unavailable)
Will    +....      NoTele   +   (boots unavailable)
Stlth   ..........              P - amulet "Omorph" {Reflect Int+2 Dex+4 SH+5}
HPRegen 1.22/turn               N - ring of Vanity {Wiz rN++}
MPRegen 0.32/turn               Q - ring "Xuon" {+Blink rElec rC+ Slay+3}

@: blade hands, fire vulnerable, hasted and slowed, studying Dodging
A: large, unfitting armour, claws 3, regeneration 1, shaggy fur 1, tough skin 1,
frail 1
}: 9/17 runes: decaying, serpentine, barnacled, slimy, elven, silver, golden,
abyssal, gossamer
a: End Transformation, Renounce Religion, Evoke Blink, Potion Petition, Call
Merchant, Bribe Branch


You were in the Dungeon.
You worshipped Gozag.
Gozag was greatly pleased with you.
You had blades for hands.
You visited 1 branch You collected 51643 gold pieces.
You spent 12945 gold pieces at shops.
You paid 32989 gold pieces to Gozag.

Inventory:

Missiles
 q - 3 atropa-tipped darts
 A - 20 large rocks (quivered)
 B - a throwing net
 O - 4 javelins
Armour
 a - the +1 cloak "Pybocs" (worn) {rPois Int+6}
   (You bought it in a shop in the Dungeon)

   Int:       It affects your intelligence (+6).
   rPois:     It protects you from poison.
 b - +10 gold dragon scales (worn)
 D - the +1 robe "Ygyefur" {rC+ Int+2}
   (You bought it in a shop in the Dungeon)

   Int:       It affects your intelligence (+2).
   rC:        It protects you from cold.
 E - the +1 hat "Senap" (worn) {rC+ Dex+5}
   (You bought it in a shop in the Dungeon)

   Dex:       It affects your dexterity (+5).
   rC:        It protects you from cold.
Jewellery
 l - the amulet "Rywnypt" {Spirit Fragile rC++ Regen+ Str+4}
   (You found it in the Dungeon)

   [amulet of guardian spirit]

   It causes incoming damage to be divided between your reserves of health and
   magic.
   Str:       It affects your strength (+4).
   rC:        It greatly protects you from cold.
   Regen:     It increases your rate of health regeneration.
   Fragile:   It will be destroyed if unequipped.
 v - the ring of Foloupif {rF+ Will+ Int+3}
   (You found it in the Dungeon)

   [ring of intelligence]

   Int:       It affects your intelligence (+3).
   rF:        It protects you from fire.
   Will:      It increases your willpower.
 w - a ring of positive energy
 J - the ring of Wonder {Str+3 Dex+7}
   (You found it in the Dungeon)

   [ring of strength]

   Str:       It affects your strength (+3).
   Dex:       It affects your dexterity (+7).
 N - the ring of Vanity (left blade hand) {Wiz rN++}
   (You bought it in a shop in the Dungeon)

   [ring of wizardry]

   It improves your spell success rate.
   rN:        It greatly protects you from negative energy.
 P - the amulet "Omorph" (around neck) {Reflect Int+2 Dex+4 SH+5}
   (You found it in the Dungeon)

   [amulet of reflection]

   It reflects blocked missile attacks.
   Int:       It affects your intelligence (+2).
   Dex:       It affects your dexterity (+4).
   SH:        It affects your SH (+5).
 Q - the ring "Xuon" (right blade hand) {+Blink rElec rC+ Slay+3}
   (You found it in the Dungeon)

   [ring of protection from cold]

   Slay:      It affects your accuracy & damage with ranged weapons and melee
   (+3).
   rC:        It protects you from cold.
   rElec:     It insulates you from electricity.
   +Blink:    It lets you blink.
Wands
 s - a wand of flame (19)
Scrolls
 j - 3 scrolls of amnesia
 n - 3 scrolls of fear
 o - 14 scrolls of identify
 p - a scroll of blinking
 y - a scroll of silence
 z - 2 scrolls of poison
 C - 3 scrolls of immolation
 M - 3 scrolls of fog
Potions
 c - 2 potions of invisibility
 d - 3 potions of haste
 e - 6 potions of resistance
 f - 9 potions of magic
 g - a potion of brilliance
 h - 4 potions of might
 i - 17 potions of curing
 k - 2 potions of attraction
 m - a potion of cancellation
 r - 8 potions of mutation
 x - 2 potions of ambrosia
 K - 6 potions of heal wounds
Miscellaneous
 t - a condenser vane (inert)
 u - a box of beasts


   Skills:
 + Level 16.7 Fighting
 + Level 1.4 Throwing
 * Level 24.4 Armour
 + Level 23.4 Dodging
 - Level 8.3 Stealth
 - Level 12.7 Shields
 O Level 27 Unarmed Combat
 O Level 27 Spellcasting
 O Level 27 Transmutations
 + Level 6.2 Ice Magic
 + Level 4.0 Evocations


You had 48 spell levels left.
You knew the following spells:

 Your Spells              Type           Power      Damage    Failure   Level
a - Beastly Appendage     Tmut           100%       N/A       1%          1
b - Wereblood             Tmut           91%        N/A       1%          2
c - Spider Form           Tmut/Pois      67%        N/A       3%          3
d - Ice Form              Ice/Tmut       73%        N/A       2%          4
e - Blade Hands           Tmut           45%        N/A       1%          5
f - Dragon Form           Tmut           45%        N/A       3%          7
g - Swiftness             Air            25%        N/A       38%         3

Your spell library contained the following spells:

 Spells                   Type           Power      Damage    Failure   Level
 Shock                    Conj/Air       100%       1d9       21%         1
 Airstrike                Air            12%        N/A       71%         4
 Animate Armour           Summ/Erth      50%        N/A       71%         4
 Cause Fear               Hex            12%        N/A       71%         4
 Necromutation            Tmut/Necr      33%        N/A       91%         8
 Iron Shot                Conj/Erth      12%        9d3       100%        6
 Borgnjor's Revivificati  Necr           12%        N/A       100%        8
 Death's Door             Necr           12%        N/A       100%        9
 Dragon's Call            Summ           12%        N/A       100%        9


Dungeon Overview and Level Annotations

Branches:
Dungeon (1/1)

Altars:
Cheibriados
Dithmenos
Elyvilon
Fedhas
Gozag
Hepliaklqana
Kikubaaqudgha
Makhleb
Nemelex Xobeh
Okawaru
Qazlal
Ru
Sif Muna
Trog
Uskayaw
Vehumet
Wu Jian
Xom
Yredelemnul
Zin
The Shining One
Beogh
Jiyva
Lugonu

Shops:
D :*?:**=:=!?[:?[!(!(

Annotations:
D Cerebov, Dispater


Innate Abilities, Weirdness & Mutations

You have blades for hands.
Your spellcasting is less reliable in this form.
You are incapable of wielding weapons or throwing items.
You are too large for most types of armour.
You have claws for hands.
Your natural rate of healing is unusually fast.
You are covered in fur. (AC +1)
You have tough skin. (AC +1)
You are frail. (-10% HP)


Message History

Okay, then.
Okay, then.
You blink.
Cerebov gestures.
Cerebov seems to speed up.
Unknown command.
You are still too unstable to blink.
Unknown command.
Unknown command.
Okay, then.
Okay, then.
Okay, then.
You feel much better.
Cerebov hits you with the +6 sword of Cerebov {flame}!!
Cerebov burns you.
The sword of Cerebov burns away your fire resistance.
Cerebov closely misses you. The hellion gestures at you.
The sphere of damnation explodes!
The damnation engulfs you!!
* * * LOW HITPOINT WARNING * * *
The damnation engulfs Cerebov.
Cerebov completely resists.
Okay, then.
Unknown command.
Blink to where?
Press: ? - help, Dir - move target
As you read the scroll of blinking, it crumbles to dust.
You feel yourself speed up.
You feel stable enough to blink again.
Cerebov is distracted by your dazzling golden aura.
Unknown command.
Cerebov is no longer distracted by gold.
Clouds of noxious fumes condense around you!
The condenser dries out!
Unknown command.
Unknown command.
You feel much better. Cerebov gestures at you.
A raging storm of fire appears!
The great blast of fire engulfs you!!!!
You die...
Your body crumbles into a pile of gold.

▓.▓.▓.▓.♣)♣.▓.▓.▓.
▓§▓.▓.▓.♣.♣.▓'▓.▓)
▓§▓.▓.▓.♣.♣.▓.▓.▓)
▓&▓.▓'▓.♣.♣.▓.▓.▓.
▓§▓.▓.▓.♣)♣.▓.▓.▓.
▓§▓.▓.▓.♣)♣.▓.▓.▓.
▓&▓.▓.▓.♣)♣.▓.▓.▓.
▓.▓.▓.▓.▓.▓.▓.▓.▓.
▓@▓.▓.▓.▓.▓.▓.▓.▓'
▓.▓.▓.▓.▓.▓.▓.▓.▓.
▓.▓.▓.▓.▓)▓.▓.▓.▓.
▓.▓.▓.▓.▓.▓.▓)▓.▓.
▓.▓.▓.▓.▓)▓.▓'▓.▓.
▓.▓.▓.▓.▓)▓.▓.▓.▓)
▓.▓.▓.▓.▓.▓.▓.▓.▓.
▓.▓.▓.▓.▓)▓.▓.▓.▓.
▓.▓.▓'▓.▓)▓.▓.▓.▓)


You could see Cerebov (fast) and Dispater.

Vanquished Creatures
  the Royal Jelly (D)
  Ereshkigal (D)
  Gloorx Vloq (D)
  4 ancient liches (D)
  3 orbs of fire (D)
  Mennas (D)
  5 royal mummies (D)
  Frederick (D)
  A curse toe (D)
  Xtahua (D)
  Geryon (D)
  7 golden dragons (D)
  Nikola (D)
  A bone dragon (D)
  2 electric golems (D)
  Rupert (D)
  3 tentacled monstrosities (D)
  28 Orb Guardians (D)
  A deep elf master archer (D)
  2 titans (D)
  3 quicksilver dragons (D)
  3 deep elf blademasters (D)
  A death cob (D)
  Gastronok (D)
  10 acid blobs (D)
  Kirke (D)
  Frances (D)
  12 sphinxes (D)
  Agnes (D)
  2 draconian monks (D)
  3 storm dragons (D)
  A tengu reaver (D)
  9 shadow dragons (D)
  Ilsuiw (D)
  3 azure jellies (D)
  9 nagarajas (D)
  3 rockslimes (D)
  2 fire giants (D)
  4 emperor scorpions (D)
  A draconian knight (D)
  2 draconian scorchers (D)
  A frost giant (D)
  3 vault wardens (D)
  3 deep elf sorcerers (D)
  Louise (D)
  2 ghost moths (D)
  2 draconian shifters (D)
  3 ironbound preservers (D)
  4 stone giants (D)
  2 draconian stormcallers (D)
  A war gargoyle (D)
  A draconian annihilator (D)
  2 quicksilver oozes (D)
  3 very ugly things (D)
  A spriggan defender (D)
  2 ironbound thunderhulks (D)
  10 vampire knights (D)
  2 eleionomae (D)
  5 green draconians (D)
  3 black draconians (D)
  A dire elephant (D)
  A bunyip (D)
  2 yellow draconians (D)
  4 deep elf demonologists (D)
  3 red draconians (D)
  A deep elf annihilator (D)
  A purple draconian (D)
  2 white draconians (D)
  3 spark wasps (D)
  An entropy weaver (D)
  2 deep elf death magi (D)
  4 merfolk impalers (D)
  2 ettins (D)
  5 mummy priests (D)
  2 merfolk javelineers (D)
  A deep elf high priest (D)
  12 hydras (D)
  7 ice dragons (D)
  7 fire dragons (D)
  A rakshasa (D)
  2 spriggan air magi (D)
  26 vault guards (D)
  Erolcha (D)
  2 ogre magi (D)
  6 centaur warriors (D)
  An ironbound frostheart (D)
  2 radroaches (D)
  2 peacekeepers (D)
  A death knight (D)
  3 merfolk avatars (D)
  A two-headed ogre (D)
  3 merfolk aquamancers (D)
  2 naga warriors (D)
  3 tengu warriors (D)
  3 deep troll earth magi (D)
  A spriggan berserker (D)
  4 shock serpents (D)
  A hell knight (D)
  3 orc high priests (D)
  A goliath frog (D)
  2 sea snakes (D)
  A glowing orange brain (D)
  7 swamp dragons (D)
  An orb spider (D)
  A spriggan druid (D)
  A lindwurm (D)
  4 ironbound convokers (D)
  A phantasmal warrior (D)
  5 orc knights (D)
  An oklob plant (D)
  3 orc sorcerers (D)
  2 manticores (D)
  2 wolf spiders (D)
  A salamander (D)
  2 cyclopes (D)
  A worldbinder (D)
  10 moths of wrath (D)
  A salamander (shapeshifter) (D)
  2 guardian serpents (D)
  An elephant (D)
  A torpor snail (D)
  A naga mage (D)
  4 vault sentinels (D)
  An eye of devastation (shapeshifter) (D)
  5 cane toads (D)
  A black mamba (D)
  Joseph (D)
  2 demonic crawlers (D)
  2 rime drakes (D)
  A tormentor (D)
  A komodo dragon (D)
  A yaktaur (D)
  An ancient zyme (D)
  A troll (D)
  18 guardian mummies (D)
  A wandering mushroom (D)
  A large abomination (D)
  5 merfolk (D)
  2 tyrant leeches (D)
  A slime creature (D)
  2 blink frogs (D)
  4 jumping spiders (D)
  11 spriggans (D)
  2 wyverns (D)
  A vampire (D)
  A ynoxinul (D)
  2 small abominations (D)
  4 yaks (D)
  A basilisk (D)
  2 hogs (D)
  A golden eye (D)
  3 vampire mosquitoes (D)
  2 redbacks (D)
  3 nagas (D)
  An acid dragon (D)
  A water moccasin (D)
  7 orc warriors (D)
  3 floating eyes (D)
  A black bear (D)
  2 centaurs (D)
  A scorpion (D)
  2 bullfrogs (D)
  A jelly (D)
  A quasit (D)
  4 orc priests (D)
  8 orc wizards (D)
  An adder (D)
  An adder skeleton (D)
  A worm (D)
  9 orcs (D)
  3 endoplasms (D)
  A giant cockroach (D)
  A ball python skeleton (D)
  A rat (D)
509 creatures vanquished.

Vanquished Creatures (others)
  A human (D)
1 creature vanquished.

Grand Total: 510 creatures vanquished

Notes
Turn   | Place    | Note
-------+----------+-------------------------------------------
     0 | D        | mhtbhm the Troll Transmuter began the quest for the Orb.
     0 | D        | Reached XP level 1. HP: 18/18 MP: 1/1
    35 | D        | Noticed a jelly
    35 | D        | Noticed a scorpion
    35 | D        | Noticed a black bear
    37 | D        | Killed a black bear
    38 | D        | Reached XP level 2. HP: 24/26 MP: 1/4
    38 | D        | Reached XP level 3. HP: 30/32 MP: 1/5
    38 | D        | Reached XP level 4. HP: 38/40 MP: 1/6
    52 | D        | Killed a scorpion
    53 | D        | Reached skill level 1 in Fighting
    53 | D        | Reached XP level 5. HP: 44/48 MP: 1/8
   126 | D        | Found a snail-covered altar of Cheibriados.
   126 | D        | Found a shadowy altar of Dithmenos.
   126 | D        | Found a white marble altar of Elyvilon.
   126 | D        | Found a blossoming altar of Fedhas.
   126 | D        | Found an opulent altar of Gozag.
   130 | D        | Learned a level 2 spell: Wereblood
   134 | D        | Learned a level 3 spell: Spider Form
   139 | D        | Learned a level 4 spell: Ice Form
   139 | D        | Found a hazy altar of Hepliaklqana.
   140 | D        | Found a viscous altar of Jiyva.
   141 | D        | Found an ancient bone altar of Kikubaaqudgha.
   142 | D        | Found a corrupted altar of Lugonu.
   143 | D        | Found a burning altar of Makhleb.
   144 | D        | Found a sparkling altar of Nemelex Xobeh.
   145 | D        | Found an iron altar of Okawaru.
   146 | D        | Became a worshipper of Gozag Ym Sagoz the Greedy
   147 | D        | Found a stormy altar of Qazlal.
   148 | D        | Found a sacrificial altar of Ru.
   149 | D        | Found a shimmering blue altar of Sif Muna.
   150 | D        | Found a bloodstained altar of Trog.
   151 | D        | Found a hide-covered altar of Uskayaw.
   152 | D        | Found a radiant altar of Vehumet.
   153 | D        | Found an ornate altar of the Wu Jian Council.
   154 | D        | Found a shimmering altar of Xom.
   155 | D        | Found a basalt altar of Yredelemnul.
   156 | D        | Found a glowing silver altar of Zin.
   157 | D        | Found a glowing golden altar of the Shining One.
   185 | D        | Noticed a centaur
   185 | D        | Noticed a yak
   185 | D        | Noticed a yak
   185 | D        | Noticed a two-headed ogre
   185 | D        | Noticed a centaur
   185 | D        | Noticed a yak
   190 | D        | Killed a yak
   191 | D        | Reached skill level 10 in Unarmed Combat
   191 | D        | Reached XP level 6. HP: 55/55 MP: 3/11
   199 | D        | Killed a two-headed ogre
   199 | D        | Killed a yak
   200 | D        | Reached skill level 5 in Dodging
   200 | D        | Reached skill level 5 in Spellcasting
   200 | D        | Reached skill level 5 in Transmutations
   200 | D        | Reached skill level 1 in Evocations
   200 | D        | Reached XP level 7. HP: 35/63 MP: 4/13
   200 | D        | Reached XP level 8. HP: 40/72 MP: 4/14
   361 | D        | Noticed a death knight
   361 | D        | Noticed a centaur warrior
   361 | D        | Noticed a manticore
   361 | D        | Noticed a centaur warrior
   361 | D        | Noticed a troll
   364 | D        | Killed a troll
   365 | D        | Reached skill level 1 in Ice Magic
   373 | D        | Killed a centaur warrior
   374 | D        | Reached XP level 9. HP: 21/80 MP: 10/17
   378 | D        | Killed a manticore
   379 | D        | Reached skill level 15 in Unarmed Combat
   382 | D        | Killed a centaur warrior
   457 | D        | Killed a death knight
   458 | D        | Reached XP level 10. HP: 17/91 MP: 15/19
   824 | D        | Noticed an eight-headed hydra
   824 | D        | Noticed a black mamba
   824 | D        | Noticed a cane toad
   824 | D        | Noticed a four-headed hydra
   826 | D        | Noticed a cane toad
   834 | D        | Killed a four-headed hydra
  1041 | D        | Killed an eight-headed hydra
  1046 | D        | Killed a cane toad
  1229 | D        | Killed a black mamba
  1249 | D        | Killed a cane toad
  1298 | D        | Noticed an elephant
  1298 | D        | Noticed a cane toad
  1298 | D        | Noticed a cane toad
  1298 | D        | Noticed an oklob plant
  1304 | D        | Killed an oklob plant
  1305 | D        | Reached skill level 1 in Stealth
  1310 | D        | Killed a cane toad
  1311 | D        | Noticed a torpor snail
  1313 | D        | Reached skill level 5 in Fighting
  1316 | D        | Reached XP level 11. HP: 61/102 MP: 16/21
  1488 | D        | Noticed Joseph
  1496 | D        | Killed Joseph
  1543 | D        | Noticed Gastronok
  1553 | D        | Killed Gastronok
  1697 | D        | Noticed an orc knight
  1700 | D        | Killed an orc knight
  1707 | D        | Noticed an orc knight
  1719 | D        | Killed an orc knight
  1768 | D        | Found Inoog's Antique Weapon Boutique.
  1768 | D        | Noticed an orc knight
  1768 | D        | Noticed an orc knight
  1768 | D        | Noticed an orc high priest
  1768 | D        | Noticed an orc sorcerer
  1771 | D        | Killed an orc sorcerer
  1772 | D        | Noticed an orc sorcerer
  1775 | D        | Killed an orc high priest
  1776 | D        | Found Aprug's Distillery.
  1785 | D        | Killed an orc knight
  1786 | D        | Noticed a sun demon
  1882 | D        | Killed an orc knight
  1959 | D        | Paralysed by an orc sorcerer for 2 turns
  1964 | D        | Killed an orc sorcerer
  1965 | D        | Reached XP level 12. HP: 115/115 MP: 19/23
  1994 | D        | Noticed an orc high priest
  2003 | D        | Killed an orc high priest
  2043 | D        | Found Mammuozed's Weapon Boutique.
  2047 | D        | Found Ipsuef's Distillery.
  2050 | D        | Noticed an orc high priest
  2057 | D        | Killed an orc high priest
  2060 | D        | Reached skill level 5 in Ice Magic
  2075 | D        | Bought 2 potions of resistance for 280 gold pieces
  2075 | D        | Bought a potion of curing for 42 gold pieces
  2075 | D        | Bought a potion of curing for 42 gold pieces
  2075 | D        | Bought a potion of mutation for 112 gold pieces
  2075 | D        | Bought a potion of invisibility for 112 gold pieces
  2079 | D        | Bought a potion of heal wounds for 50 gold pieces
  2079 | D        | Bought a potion of curing for 30 gold pieces
  2079 | D        | Bought a potion of might for 40 gold pieces
  2079 | D        | Bought a potion of curing for 30 gold pieces
  2079 | D        | Bought a potion of curing for 30 gold pieces
  2079 | D        | Bought a potion of curing for 30 gold pieces
  2079 | D        | Bought a potion of curing for 30 gold pieces
  2149 | D        | Noticed Erolcha
  2157 | D        | Killed Erolcha
  2295 | D        | Bought a book of Iron for 468 gold pieces
  2301 | D        | Learned a level 5 spell: Blade Hands
  2308 | D        | Bought a scroll of fear for 49 gold pieces
  2308 | D        | Bought a scroll of identify for 28 gold pieces
  2308 | D        | Bought a scroll of fear for 49 gold pieces
  2310 | D        | Bought a polished cloak for 294 gold pieces
  2310 | D        | Identified the +1 cloak "Pybocs" {rPois Int+6} (You bought
                  | it in a shop in the Dungeon)
  2321 | D        | Noticed a centaur warrior
  2321 | D        | Noticed an ogre mage
  2321 | D        | Noticed an eight-headed hydra
  2324 | D        | Killed an 11-headed hydra
  2324 | D        | Noticed a centaur warrior
  2326 | D        | Noticed a centaur warrior
  2327 | D        | Killed an ogre mage
  2328 | D        | Noticed a tengu warrior
  2330 | D        | Reached skill level 1 in Armour
  2330 | D        | Noticed a fire dragon
  2333 | D        | Noticed an ice dragon
  2336 | D        | Killed a centaur warrior
  2337 | D        | Noticed an ice dragon
  2340 | D        | Noticed a deep troll earth mage
  2342 | D        | Killed a centaur warrior
  2343 | D        | Reached skill level 10 in Transmutations
  2343 | D        | Noticed a rakshasa
  2345 | D        | Killed a centaur warrior
  2425 | D        | Killed a tengu warrior
  2437 | D        | Killed a fire dragon
  2444 | D        | Killed an ice dragon
  2448 | D        | Killed an ice dragon
  2449 | D        | Reached skill level 10 in Dodging
  2451 | D        | Killed a deep troll earth mage
  2529 | D        | Killed a rakshasa
  2563 | D        | Noticed a stone giant
  2572 | D        | Killed a stone giant
  2762 | D        | Noticed a merfolk impaler
  2763 | D        | Noticed a merfolk impaler
  2805 | D        | Killed a merfolk impaler
  2806 | D        | Reached XP level 13. HP: 77/124 MP: 18/25
  2819 | D        | Killed a merfolk impaler
  2831 | D        | Reached skill level 10 in Spellcasting
  3213 | D        | Bought a brightly glowing robe for 188 gold pieces
  3213 | D        | Identified the +1 robe "Ygyefur" {rC+ Int+2} (You bought it
                  | in a shop in the Dungeon)
  3213 | D        | Bought a faintly humming hat for 297 gold pieces
  3213 | D        | Identified the +1 hat "Senap" {rC+ Dex+5} (You bought it in
                  | a shop in the Dungeon)
  3314 | D        | Reached skill level 5 in Armour
  3319 | D        | Noticed a nagaraja
  3341 | D        | Killed a nagaraja
  3432 | D        | Noticed a bunyip
  3443 | D        | Killed a bunyip
  3604 | D        | Noticed an eleionoma
  3819 | D        | Killed an eleionoma
  3897 | D        | Bought a scroll of blinking for 112 gold pieces
  3897 | D        | Bought a scroll of poison for 52 gold pieces
  3897 | D        | Bought a scroll of immolation for 52 gold pieces
  3897 | D        | Bought a scroll of blinking for 112 gold pieces
  3897 | D        | Bought a scroll of immolation for 52 gold pieces
  3902 | D        | Noticed an entropy weaver
  3907 | D        | Noticed an emperor scorpion
  3908 | D        | Noticed an emperor scorpion
  3909 | D        | Killed an entropy weaver
  3928 | D        | Killed an emperor scorpion
  3936 | D        | Killed an emperor scorpion
  4104 | D        | Noticed Agnes
  4111 | D        | Killed Agnes
  4245 | D        | Noticed Kirke
  4255 | D        | Killed Kirke
  4256 | D        | Reached XP level 14. HP: 123/137 MP: 22/28
  4299 | D        | Noticed a frost giant
  4299 | D        | Noticed a tengu reaver
  4305 | D        | Noticed a fire giant
  4315 | D        | Noticed a golden dragon
  4320 | D        | Killed a tengu reaver
  4516 | D        | Killed a frost giant
  4517 | D        | Noticed a fire giant
  4520 | D        | Killed a fire giant
  4699 | D        | Killed a golden dragon
  4710 | D        | Killed a fire giant
  5117 | D        | Noticed a stone giant
  5127 | D        | Killed a stone giant
  5171 | D        | Noticed a brown very ugly thing
  5172 | D        | Noticed an ironbound preserver
  5176 | D        | Noticed a vault warden
  5182 | D        | Killed an ironbound preserver
  5184 | D        | Noticed an ironbound thunderhulk
  5186 | D        | Killed a brown very ugly thing
  5187 | D        | Noticed a vault warden
  5191 | D        | Killed a vault warden
  5195 | D        | Noticed a red very ugly thing
  5201 | D        | Noticed a purple very ugly thing
  5203 | D        | Killed an ironbound thunderhulk
  5207 | D        | Noticed an ironbound thunderhulk
  5208 | D        | Killed a vault warden
  5265 | D        | Killed a red very ugly thing
  5428 | D        | Bought a potion of haste for 180 gold pieces
  5428 | D        | Bought 2 potions of mutation for 288 gold pieces
  5428 | D        | Bought a potion of attraction for 54 gold pieces
  5428 | D        | Bought a potion of attraction for 54 gold pieces
  5479 | D        | Reached skill level 27 in Unarmed Combat
  5687 | D        | Killed a purple very ugly thing
  5701 | D        | Killed an ironbound thunderhulk
  5786 | D        | Reached XP level 15. HP: 123/149 MP: 26/30
  5915 | D        | Noticed Frances
  5924 | D        | Killed Frances
  6098 | D        | Bought the ring of Vanity {Wiz rN++} for 617 gold pieces
  6132 | D        | Noticed Rupert
  6133 | D        | Paralysed by Rupert for 5 turns
  6144 | D        | Killed Rupert
  6145 | D        | Reached skill level 10 in Fighting
  6266 | D        | Noticed a nagaraja
  6266 | D        | Noticed a nagaraja
  6270 | D        | Noticed a nagaraja
  6276 | D        | Reached skill level 15 in Transmutations
  6278 | D        | Killed a nagaraja
  6280 | D        | Noticed a nagaraja
  6280 | D        | Noticed a nagaraja
  6282 | D        | Killed a nagaraja
  6283 | D        | Noticed a nagaraja
  6286 | D        | Killed a nagaraja
  6287 | D        | Noticed a nagaraja
  6294 | D        | Killed a nagaraja
  6294 | D        | Noticed a nagaraja
  6427 | D        | Killed a nagaraja
  6448 | D        | Killed a nagaraja
  6449 | D        | Reached skill level 1 in Throwing
  6633 | D        | Killed a nagaraja
  6637 | D        | Killed a nagaraja
  6644 | D        | Reached skill level 1 in Shields
  6915 | D        | Got a serpentine rune of Zot
  6922 | D        | Bought a book of the Dragon for 506 gold pieces
  6930 | D        | Learned a level 7 spell: Dragon Form
  6976 | D        | Got a decaying rune of Zot
  7048 | D        | Noticed Ilsuiw
  7063 | D        | Reached skill level 5 in Stealth
  7085 | D        | Killed Ilsuiw
  7086 | D        | Reached skill level 15 in Spellcasting
  7203 | D        | Got a barnacled rune of Zot
  7243 | D        | Noticed an emperor scorpion
  7251 | D        | Killed an emperor scorpion
  7258 | D        | Noticed an emperor scorpion
  7270 | D        | Killed an emperor scorpion
  7285 | D        | Got a gossamer rune of Zot
  7459 | D        | Noticed Nikola
  7466 | D        | Killed Nikola
  7561 | D        | Reached XP level 16. HP: 162/162 MP: 25/34
  7591 | D        | Reached skill level 5 in Shields
  7604 | D        | Reached skill level 15 in Dodging
  7694 | D        | Noticed a titan
  7694 | D        | Noticed a titan
  7702 | D        | Killed a titan
  7706 | D        | Killed a titan
  7709 | D        | Noticed a shadow dragon
  7717 | D        | Noticed a shadow dragon
  7721 | D        | Killed a shadow dragon
  7729 | D        | Noticed an Executioner
  7731 | D        | Killed a shadow dragon
  7827 | D        | Noticed a shadow dragon
  7827 | D        | Noticed a quicksilver dragon
  7827 | D        | Noticed a quicksilver dragon
  7827 | D        | Noticed a shadow dragon
  7830 | D        | Noticed a shadow dragon
  7831 | D        | Noticed a golden dragon
  7831 | D        | Killed a shadow dragon
  7835 | D        | Killed a quicksilver dragon
  7839 | D        | Killed a shadow dragon
  7846 | D        | Killed a quicksilver dragon
  7852 | D        | Killed a golden dragon
  7858 | D        | Killed a shadow dragon
  7866 | D        | Got a silver rune of Zot
  7934 | D        | Noticed Louise
  7942 | D        | Killed Louise
  8043 | D        | Got the amulet "Rywnypt" {Spirit Fragile rC++ Regen+ Str+4}
  8045 | D        | Got the ring of Foloupif {rF+ Will+ Int+3}
  8047 | D        | Got the ring of Wonder {Str+3 Dex+7}
  8049 | D        | Got the amulet "Omorph" {Reflect Int+2 Dex+4 SH+5}
  8051 | D        | Got the ring "Xuon" {+Blink rElec rC+ Slay+3}
  8260 | D        | Bought a potion of resistance for 300 gold pieces
  8263 | D        | Bought a potion of heal wounds for 85 gold pieces
  8263 | D        | Bought a potion of cancellation for 136 gold pieces
  8263 | D        | Bought a potion of haste for 170 gold pieces
  8263 | D        | Bought a potion of resistance for 170 gold pieces
  8263 | D        | Bought 2 potions of might for 136 gold pieces
  8263 | D        | Bought a potion of heal wounds for 85 gold pieces
  8263 | D        | Bought a potion of mutation for 136 gold pieces
  8263 | D        | Bought a potion of curing for 51 gold pieces
  8263 | D        | Bought a potion of curing for 51 gold pieces
  8283 | D        | Noticed Frederick
  8284 | D        | Noticed Xtahua
  8296 | D        | Killed Frederick
  8300 | D        | Killed Xtahua
  8365 | D        | Noticed Mennas
  8381 | D        | Killed Mennas
  8603 | D        | Reached XP level 17. HP: 137/176 MP: 31/38
  8905 | D        | Noticed a bone dragon
  8905 | D        | Noticed a golden dragon
  8907 | D        | Killed a golden dragon
  8911 | D        | Killed a bone dragon
  8934 | D        | Reached skill level 10 in Armour
  9022 | D        | Noticed a tentacled monstrosity
  9023 | D        | Noticed a quicksilver dragon
  9034 | D        | Killed a tentacled monstrosity
  9044 | D        | Killed a quicksilver dragon
  9088 | D        | Noticed a golden dragon
  9106 | D        | Killed a golden dragon
  9137 | D        | Noticed a tentacled monstrosity
  9144 | D        | Noticed a golden dragon
  9149 | D        | Killed a tentacled monstrosity
  9157 | D        | Killed a golden dragon
  9383 | D        | Noticed an Orb Guardian
  9383 | D        | Noticed an Orb Guardian
  9383 | D        | Noticed an Orb Guardian
  9383 | D        | Noticed an Orb Guardian
  9383 | D        | Noticed an Orb Guardian
  9383 | D        | Noticed an Orb Guardian
  9386 | D        | Killed an Orb Guardian
  9386 | D        | Noticed an Orb Guardian
  9389 | D        | Killed an Orb Guardian
  9390 | D        | Noticed an Orb Guardian
  9391 | D        | Killed an Orb Guardian
  9394 | D        | Killed an Orb Guardian
  9395 | D        | Noticed an Orb Guardian
  9398 | D        | Noticed an Orb Guardian
  9399 | D        | Killed an Orb Guardian
  9401 | D        | Killed an Orb Guardian
  9404 | D        | Killed an Orb Guardian
  9408 | D        | Killed an Orb Guardian
  9412 | D        | Killed an Orb Guardian
  9413 | D        | Killed an Orb Guardian
  9414 | D        | Reached XP level 18. HP: 188/188 MP: 38/41
  9475 | D        | Noticed an Orb Guardian
  9475 | D        | Noticed an Orb Guardian
  9475 | D        | Noticed a curse toe
  9476 | D        | Noticed an Orb Guardian
  9477 | D        | Killed a curse toe
  9479 | D        | Noticed an Orb Guardian
  9481 | D        | Killed an Orb Guardian
  9487 | D        | Killed an Orb Guardian
  9681 | D        | Reached skill level 15 in Armour
  9684 | D        | Killed an Orb Guardian
  9732 | D        | Killed an Orb Guardian
  9766 | D        | Noticed an ancient lich
  9771 | D        | Killed an ancient lich
  9868 | D        | Noticed an orb of fire
  9875 | D        | Killed an orb of fire
  9879 | D        | Noticed an electric golem
  9882 | D        | Killed an electric golem
  9885 | D        | Noticed an Orb Guardian
  9885 | D        | Noticed an electric golem
  9885 | D        | Noticed a golden dragon
  9886 | D        | Noticed an orb of fire
  9888 | D        | Noticed an orb of fire
  9892 | D        | Noticed an ancient lich
  9895 | D        | Killed an electric golem
  9896 | D        | Killed a golden dragon
  9897 | D        | Noticed an ancient lich
  9898 | D        | Gained mutation: You are frail. (-10% HP) [an orb of fire]
  9899 | D        | Killed an orb of fire
  9902 | D        | Noticed a tentacled monstrosity
  9905 | D        | Killed an orb of fire
  9906 | D        | Noticed an Orb Guardian
  9908 | D        | Killed an ancient lich
  9910 | D        | Killed an ancient lich
  9911 | D        | Noticed a golden dragon
  9917 | D        | Killed an Orb Guardian
  9920 | D        | Killed a tentacled monstrosity
  9927 | D        | Killed an Orb Guardian
  9930 | D        | Killed a golden dragon
  9935 | D        | Noticed an Orb Guardian
  9935 | D        | Noticed an Orb Guardian
  9935 | D        | Noticed an Orb Guardian
  9935 | D        | Noticed an Orb Guardian
  9935 | D        | Noticed an Orb Guardian
  9935 | D        | Noticed an Orb Guardian
  9938 | D        | Killed an Orb Guardian
  9939 | D        | Noticed an Orb Guardian
  9941 | D        | Killed an Orb Guardian
  9942 | D        | Noticed an Orb Guardian
  9945 | D        | Killed an Orb Guardian
  9946 | D        | Noticed an Orb Guardian
  9947 | D        | Killed an Orb Guardian
  9948 | D        | Noticed an Orb Guardian
  9949 | D        | Killed an Orb Guardian
  9950 | D        | Noticed an Orb Guardian
  9951 | D        | Killed an Orb Guardian
  9954 | D        | Killed an Orb Guardian
  9956 | D        | Noticed an Orb Guardian
  9960 | D        | Killed an Orb Guardian
  9963 | D        | Killed an Orb Guardian
  9966 | D        | Killed an Orb Guardian
  9969 | D        | Killed an Orb Guardian
  9973 | D        | Killed an Orb Guardian
 10054 | D        | Bought a scroll of silence for 120 gold pieces
 10054 | D        | Bought a scroll of magic mapping for 56 gold pieces
 10054 | D        | Bought a scroll of enchant armour for 120 gold pieces
 10064 | D        | Bought a manual of Armour for 1200 gold pieces
 10064 | D        | Bought a Necronomicon for 840 gold pieces
 10064 | D        | Bought a book of Air for 330 gold pieces
 10068 | D        | Learned a level 3 spell: Swiftness
 10080 | D        | Bought a scroll of fog for 30 gold pieces
 10080 | D        | Bought a scroll of immolation for 52 gold pieces
 10080 | D        | Bought a scroll of enchant armour for 112 gold pieces
 10148 | D        | Noticed an ancient lich
 10157 | D        | Killed an ancient lich
 10158 | D        | Reached XP level 19. HP: 178/178 MP: 38/45
 10184 | D        | Paralysed by a vampire knight for 4 turns
 10304 | D        | Bought a condenser vane for 1320 gold pieces
 10304 | D        | Bought a box of beasts for 1320 gold pieces
 10304 | D        | Bought a copper ring for 165 gold pieces
 10440 | D        | Reached skill level 15 in Fighting
 10451 | D        | Reached skill level 10 in Shields
 10457 | D        | Got an elven rune of Zot
 10553 | D        | Noticed the Royal Jelly
 10553 | D        | Paralysed by a floating eye for 2 turns
 10564 | D        | Reached skill level 27 in Transmutations
 10577 | D        | Killed the Royal Jelly
 10702 | D        | Paralysed by a floating eye for 3 turns
 10766 | D        | Got a slimy rune of Zot
 11030 | D        | Bought a manual of Dodging for 1680 gold pieces
 11373 | D        | Noticed a royal mummy
 11382 | D        | Killed a royal mummy
 11428 | D        | Noticed a royal mummy
 11428 | D        | Noticed a royal mummy
 11428 | D        | Noticed a royal mummy
 11437 | D        | Killed a royal mummy
 11438 | D        | Noticed a royal mummy
 11666 | D        | Killed a royal mummy
 11681 | D        | Killed a royal mummy
 11682 | D        | Reached XP level 20. HP: 109/193 MP: 49/49
 11773 | D        | Killed a royal mummy
 11808 | D        | Got a golden rune of Zot
 11900 | D        | Got an abyssal rune of Zot
 12060 | D        | Noticed Geryon
 12171 | D        | Killed Geryon
 12174 | D        | Noticed Ereshkigal
 12174 | D        | Noticed Gloorx Vloq
 12175 | D        | Found the +6 sword of Cerebov {flame}
 12175 | D        | Noticed Cerebov
 12178 | D        | Found the +4 staff of Dispater
 12178 | D        | Noticed Dispater
 12181 | D        | Killed Gloorx Vloq
 12181 | D        | Paralysed by Ereshkigal for 4 turns
 12200 | D        | Killed Ereshkigal
 12201 | D        | Reached skill level 27 in Spellcasting
 12230 | D        | Killed from afar by Cerebov

Illustrated notes

Levels and vault maps discovered:
D:        linesprint [early_d, line_temple, items_1, d_10, items_2, lair_1,
          lair_end, items_3, orc_1, orc_end, items_4, d_15, swamp_1, shoals_1,
          snake_1, spider_1, d_20, vaults_1, items_5, swamp_end, shoals_end,
          snake_end, spider_end, vaults_end, d_27, items_6, zot_1, zot_end,
          crypt_end, forest_end, elf_end, slime_end, tomb_end, abyss_end,
          pan_hell_end]

Skill      XL: |  1  2  3  4  5  6  7  8  9 10 11 12 13 14 15 16 17 18 19 20 |
---------------+-------------------------------------------------------------+-----
Unarmed Combat | 6 8 10 13 14 16 17 20 22 24 27 | 27.0
Dodging        | 3 4 5 6 7 8 9 10 12 14 16 17 19 22 23 | 23.4
Spellcasting   | 2 3 4 5 6 7 8 9 11 12 15 18 20 23 26 27 | 27.0
Transmutations | 2 3 5 6 7 9 10 12 14 17 20 23 26 27 | 27.0
Fighting       | 1 2 3 5 6 7 8 9 11 13 14 16 | 16.7
Evocations     | 1 2 3 4 |  4.0
Ice Magic      | 1 2 3 4 5 6 |  6.2
Stealth        | 1 2 3 4 6 8 |  8.3
Armour         | 4 6 8 14 18 23 24 | 24.4
Throwing       | 1 |  1.4
Shields        | 4 7 9 12 | 12.7

Action                   |  1- 3 |  4- 6 |  7- 9 | 10-12 | 13-15 | 16-18 | 19-21 || total
-------------------------+-------+-------+-------+-------+-------+-------+-------++-------
Melee: Unarmed           |    11 |    24 |    27 |   199 |   364 |   351 |   245 ||  1221
       Headbutt          |     2 |     1 |       |       |       |       |       ||     3
       Kick              |       |     3 |       |       |       |       |       ||     3
       Punch             |       |       |       |     9 |    53 |    77 |    56 ||   195
       Tailslap          |       |       |       |       |    13 |    46 |    19 ||    78
       Bite              |       |       |       |       |     6 |    34 |    12 ||    52
Throw: Large rock        |       |       |       |       |     1 |       |       ||     1
 Cast: Beastly Appendage |     2 |     1 |       |       |       |       |     1 ||     4
       Ice Form          |       |     1 |     2 |    14 |     3 |       |       ||    20
       Wereblood         |       |     1 |     1 |    12 |    19 |    14 |    10 ||    57
       Blade Hands       |       |       |       |     5 |    28 |     7 |     9 ||    49
       Dragon Form       |       |       |       |       |     5 |    14 |     6 ||    25
Invok: Potion Petition   |       |       |     1 |     1 |    12 |       |     1 ||    15
       Call Merchant     |       |       |       |     3 |     5 |     7 |     1 ||    16
 Abil: End Transformatio |       |       |       |       |       |     1 |       ||     1
       Evoke Blink       |       |       |       |       |       |       |     1 ||     1
Evoke: Wand              |       |     4 |       |     4 |     3 |       |       ||    11
       Condenser vane    |       |       |       |       |       |       |     2 ||     2
  Use: Potion            |       |     2 |     2 |     2 |     7 |     4 |    11 ||    28
       Scroll            |       |     1 |     1 |     3 |     3 |     8 |     7 ||    23
 Stab: Distracted        |       |       |       |     1 |     4 |    10 |     5 ||    20
       Sleeping          |       |       |       |       |     1 |     3 |     3 ||     7
       Invisible         |       |       |       |       |     1 |       |       ||     1
Armor: Robe              |     2 |     4 |       |       |    27 |       |       ||    33
       Skin              |       |     2 |     3 |    21 |    23 |    41 |    36 ||   126
       Storm dragon scal |       |       |       |    21 |     3 |       |       ||    24
       Gold dragon scale |       |       |       |       |       |    22 |    56 ||    78
Dodge: Dodged            |     2 |     8 |    13 |    61 |   132 |    72 |    75 ||   363
Block: Other             |       |       |       |       |    17 |    22 |    25 ||    64
       Reflection        |       |       |       |       |     1 |       |       ||     1

Table legend: (Time is in decaauts) A = Elapsed time spent in this place. B = Non-inter-level travel time spent in this place. C = Inter-level travel time spent in this place. D = Time resting spent in this place. E = Time spent auto-exploring this place. F = Levels seen in this place. G = Mean time per level. A B C D E F G +--------+--------+--------+--------+--------+-----+--------+ Total | 11719 | 11719 | 0 | 4824 | 2155 | 1 | 11719.0 | Dungeon | 11719 | 11719 | 0 | 4824 | 2155 | 1 | 11719.0 | +--------+--------+--------+--------+--------+-----+--------+

Top non-repeatable levels by time:
       D: 11719 daAuts
